 Dungeon Crawl Stone Soup version 0.23.2-1-ga50397a (webtiles) character file.

Game seed: 6658312031142980932

44 goulibeur the Skirmisher (level 3, -1/49 HPs)
             Began as a Draconian Berserker on May 22, 2019.
             Was a Follower of Trog.
             Slain by a gnoll
             ... wielding a +0 spear
              (6 damage)
             ... on level 2 of the Dungeon.
             The game lasted 00:02:38 (954 turns).

goulibeur the Skirmisher (Draconian Berserker)       Turns: 954, Time: 00:02:39

Health: -1/49      AC:  5    Str: 24    XL:     3   Next: 39%
Magic:  3/3        EV: 13    Int:  7    God:    Trog [*.....]
Gold:   130        SH:  0    Dex: 11    Spells: 2/2 levels left

rFire    . . .     SeeInvis .   a - +0 mace
rCold    . . .     Gourm    .   (no shield)
rNeg     . . .     Faith    .   (armour unavailable)
rPois    .         Spirit   .   (helmet restricted)
rElec    .         Reflect  .   (no cloak)
rCorr    .         Harm     .   (no gloves)
MR       .....                  (no boots)
Stlth    ..........             (no amulet)
HPRegen  0.16/turn              (no ring)
MPRegen  0.08/turn              (no ring)

@: berserking, very quick
A: unfitting armour, cold-blooded, AC +5
a: Berserk, Renounce Religion


You were on level 2 of the Dungeon.
You worshipped Trog.
Trog was aware of your devotion.
You were very hungry.

You visited 1 branch of the dungeon, and saw 4 of its levels.

You collected 130 gold pieces.

Inventory:

Hand Weapons
 a - a +0 mace (weapon)
Jewellery
 l - a cursed amulet of inaccuracy {unknown}
Scrolls
 c - a scroll of random uselessness {unknown}
 e - a scroll of enchant armour {unknown}
 g - a scroll of fog {unknown}
 j - a scroll of identify {unknown}
 k - a scroll of immolation {unknown}
Potions
 d - 2 potions of resistance {unknown}
 f - a potion of invisibility {unknown}
 h - a potion of might {unknown}
 i - a potion of magic {unknown}
 m - a potion of agility {unknown}
 n - a potion of haste {unknown}
 o - 2 potions of heal wounds {unknown}
Comestibles
 b - 2 rations
 p - 5 chunks of flesh


   Skills:
 + Level 3.7 Fighting
 + Level 3.3 Maces & Flails
 + Level 1.2 Throwing
 + Level 3.1 Dodging


You had 2 spell levels left.
You didn't know any spells.
Your spell library was empty.

Dungeon Overview and Level Annotations

Branches:
Dungeon (4/15)
 Temple: D:4-7

Altars:


Innate Abilities, Weirdness & Mutations

Your plain brown scales are hard. (AC +5)
You cannot fit into any form of body armour.
You are cold-blooded and may be slowed by cold attacks.


Message History

You feel yourself moving faster!
You feel mighty!
You are feeling very hungry.
The gnoll closely misses you.
You thump the gnoll!
Your tail-slap misses the gnoll.
The gnoll is severely wounded.
The gnoll hits you from afar with a +0 spear.
The gnoll hits you with a +2 flail of crushing!
You barely miss the gnoll.
The gnoll is severely wounded.
The gnoll closely misses you. The gnoll blocks your attack.
The gnoll is severely wounded.
The gnoll misses you.
The gnoll hits you from afar with a +0 spear.
The gnoll blocks your attack.
The gnoll is severely wounded.
The gnoll hits you with a +2 flail of crushing!
* * * LOW HITPOINT WARNING * * *
x2 The gnoll hits you from afar with a +0 spear.
You die...

..########## ...........
#.........# # #.#####
+.........# #.# #.#......
#.........#####.#####.#######
.........ggg@................
##.....#######.####.#..#..#
#.....# .. #<......# #.....#
#.#####.##### .....#'####
#..#.....#... .... #.#
########.#.##..#.## .g.
#.#####...รท......##..#.#
#.........#####.###....#
#.........# #.# #.####


You could see 3 gnolls.

Vanquished Creatures
  A gnoll (D:2)
  An adder (D:2)
  An ooze (D:1)
  A worm (D:2)
  A leopard gecko (D:1)
  A bat (D:3)
  3 goblins (D:1)
  A hobgoblin (D:1)
  3 jackals (D:2)
  A frilled lizard (D:2)
  A kobold (D:2)
  A quokka skeleton (D:4)
  2 rats
18 creatures vanquished.

Notes
Turn   | Place    | Note
-------+----------+-------------------------------------------
     0 | D:1      | goulibeur the Draconian Berserker began the quest for the
                  | Orb.
     0 | D:1      | Reached XP level 1. HP: 19/19 MP: 1/1
   311 | D:1      | Reached XP level 2. HP: 24/26 MP: 2/2
   579 | D:2      | You fall through a shaft for 2 floors!
   809 | D:2      | Reached skill level 1 in Throwing
   815 | D:2      | Reached XP level 3. HP: 25/31 MP: 3/3
   954 | D:2      | Slain by a gnoll

Skill      XL: |  1  2 |
---------------+-------+-----
Throwing       | 1 |  1.2
Dodging        | 3 |  3.1
Fighting       | |  3.7
Maces & Flails | |  3.3

Action                   || total
-------------------------++-------
Melee: Mace              ||    46
       Tailslap          ||     3
Invok: Berserk           ||     1
Armor: Skin              ||     8
Dodge: Dodged            ||    35
